 Dungeon Crawl Stone Soup version 0.30-a0-996-ga6910c8ee8 (webtiles) character file.

Game seed: 14096046299011913659

151 ytrimaz the Chopper (level 5, -3/41 HPs)
             Began as a Formicid Fighter on Apr 5, 2023.
             Engulfed by a cloud of flame (19 damage)
             ... on level 3 of the Dungeon.
             The game lasted 00:01:50 (1625 turns).

ytrimaz the Chopper (Formicid Fighter)              Turns: 1625, Time: 00:01:51

Health: -3/41      AC:  6    Str: 23    XL:     5   Next: 59%
Magic:  5/5        EV:  9    Int:  7    God:
Gold:   67         SH:  5    Dex: 13    Spells: 4/4 levels left

rFire   . . .      SeeInvis +    a - +0 war axe
rCold   . . .      Faith    .    c - +0 buckler
rNeg    . . .      Spirit   .    b - +0 scale mail
rPois   .          Reflect  .    (helmet unavailable)
rElec   .          Rampage  .    n - scarf {repulsion}
rCorr   .                        (no gloves)
Will    .....                    (no boots) Stlth
                                 (no amulet)
HPRegen 0.26/turn                (no ring)
MPRegen 0.09/turn                (no ring)

@: repel missiles
A: permanent stasis, dig shafts and tunnels, antennae 3, four strong arms
a: Dig, Shaft Self


You were on level 3 of the Dungeon.
You visited 1 branch of the dungeon, and saw 3 of its levels.

You collected 67 gold pieces.


Innate Abilities, Weirdness & Mutations

You cannot be hasted, slowed, berserked, paralysed or teleported.
You can dig through walls and to a lower floor.
You have a pair of large antennae on your head. (SInv)
Your four strong arms can wield two-handed weapons with a shield.


   Skills:
 - Level 3.2 Fighting
 + Level 5.3 Axes
 - Level 3.2 Armour
 - Level 4.0 Shields


You had 4 spell levels left.
You didn't know any spells.
Your spell library contained the following spells:

 Spells                   Type           Power      Damage    Failure   Level
 Summon Small Mammal      Summ           0%         N/A       82%         1
 Call Canine Familiar     Summ           0%         N/A       99%         3
 Hailstorm                Conj/Ice       0%         3d3       99%         3
 Portal Projectile        Hex/Tloc       0%         N/A       99%         3
 Summon Guardian Golem    Hex/Summ       0%         N/A       99%         3
 Ice Form                 Ice/Tmut       0%         N/A       100%        4
 Leda's Liquefaction      Hex/Erth       0%         N/A       100%        4
 Simulacrum               Ice/Necr       0%         N/A       100%        6

Inventory:

Hand Weapons
 a - a +0 war axe (weapon)
Missiles
 d - a throwing net
Armour
 b - a +0 scale mail (worn)
 c - a +0 buckler (worn)
 f - a +0 cloak
   (You found it on level 1 of the Dungeon)
 n - a scarf of repulsion (worn)
   (You found it on level 2 of the Dungeon)
 r - a +0 tower shield
   (You found it on level 3 of the Dungeon)
Wands
 m - a wand of light (10)
   (You took it off Jessica on level 2 of the Dungeon)
 p - a wand of flame (13)
   (You found it on level 3 of the Dungeon)
Scrolls
 e - a scroll of enchant armour {unknown}
 i - a scroll of blinking
 o - a scroll of identify
 q - a scroll of amnesia {unknown}
Potions
 g - 2 potions of flight
 h - 2 potions of curing
 j - a potion of magic {unknown}
 l - a potion of brilliance {unknown}
 s - a potion of might

Dungeon Overview and Level Annotations

Branches:
Dungeon (3/15) Zot: 16329

Altars:
Nemelex Xobeh

#.........# #..?......#
#.........# .##
#<........
..####.......##
..##........?# .# .
###.##.........#..#
.####...##......@§§...#
...##.#..........§§.#..#
.............<...§§.#
###.####............#
#.....##.##............
.......#.##.##.........
.......#.##.##..........
..._......#..#..........
.......#..........#..##


There were no monsters in sight!


Message History

You barely miss the jackal.
The jackal bites you but does no damage.
You block the jackal's attack.
You closely miss the jackal.
The jackal bites you but does no damage.
Unknown command.
You hit the jackal.
You kill the jackal!
No target in view!
Unknown command.
You see here a +0 tower shield.
r - a +0 tower shield
s - a potion of might You see here a +0 club.
A hobgoblin comes into view.
A hobgoblin is nearby!
A hobgoblin is nearby!
A hobgoblin is nearby!
The hobgoblin shouts!
You hear a shout!
A dart slug comes into view.
Unknown command.
There are monsters nearby!
You barely miss the hobgoblin. You block the hobgoblin's attack.
The hobgoblin barely misses you.
There are monsters nearby!
You closely miss the hobgoblin.
The hobgoblin hits you but does no damage.
You closely miss the hobgoblin. The hobgoblin closely misses you.
Unknown command.
You hit the hobgoblin. The hobgoblin barely misses you.
You hit the hobgoblin.
You kill the hobgoblin!
Unknown command.
You hit the dart slug but do no damage.
The dart slug bites you but does no damage.
The dart slug launches a dart at you.
The slug dart hits you but does no damage.
An orc comes into view. It is wielding a +0 dagger.
You slash the dart slug!
You kill the dart slug!
Unknown command.
Found a sparkling altar of Nemelex Xobeh.
The orc hits you but does no damage.
Unknown command.
You hit the orc.
The orc hits you with a +0 dagger. 😕 HP[-3]
You take 3 damage, and now have 38/41 hp.
An orc is nearby!
An orc is nearby!
You barely miss the orc. You block the orc's attack.
The orc hits you but does no damage.
Unknown command.
You closely miss the orc. The orc barely misses you. 😕 HP[+1]
You hit the orc but do no damage. The orc hits you but does no damage.
You slash the orc!
You kill the orc!
Unknown command.
No target in view!
h - 2 potions of curing (gained 1)
Things that are here:
a +0 dagger; a +0 ring mail; an orc corpse Key pressed, stopping explore.
Key pressed, stopping explore.
No target in view!
Unknown command. 😎 HP[+2]
Your hp is fully restored (41).
Found a stone staircase leading up.
A giant cockroach comes into view.
A giant cockroach is nearby!
A giant cockroach is nearby!
Unknown command.
Found a scroll of identify.
Found a stone staircase leading up.
The giant cockroach closely misses you.
The giant cockroach bites you but does no damage.
You barely miss the giant cockroach.
The giant cockroach waves its antennae.
You block the giant cockroach's attack.
You slash the giant cockroach!
You kill the giant cockroach!
Unknown command.
No target in view!
Unknown command.
No target in view!
A bat comes into view.
A bat is nearby!
A bat is nearby!
A bat is nearby!
As you read the scroll labelled FUNAEGHI REGIBOI, it crumbles to dust.
The creatures around you are filled with an inner flame!
It was a scroll of immolation.
Unknown command.
You hit the bat.
The bat explodes!
The fiery explosion engulfs you!!
Ouch! That really hurt!
* * * LOW HITPOINT WARNING * * *
You are engulfed in blazing flames.
You die...

Skill      XL: |  1  2  3  4  5 |
---------------+----------------+-----
Axes           | 3 4 5 |  5.3
Fighting       | |  3.2
Armour         | |  3.2
Shields        | |  4.0

Action                     |  1- 3 |  4- 6 || total
---------------------------+-------+-------++-------
  Melee: War axe           |    38 |   106 ||   144
    Use: Scroll            |     5 |     1 ||     6
         Potion            |     1 |     1 ||     2
 Armour: Scale mail        |    34 |    56 ||    90
  Dodge: Dodged            |    29 |    59 ||    88
  Block: Buckler           |    18 |    29 ||    47

Levels and vault maps discovered:
D:1:      lemuel_arrival_hallway, layout_rooms
D:2:      layout_rooms, minmay_split_cup_large, uniq_robin, uniq_jessica
D:3:      lemuel_castle_with_subvaults [lemuel_castle_interior_carwin_1],
          layout_rooms, old_standard_altar

Notes
Turn   | Place    | Note
-------+----------+-------------------------------------------
     0 | D:1      | ytrimaz the Formicid Fighter began the quest for the Orb.
     0 | D:1      | Reached XP level 1. HP: 18/18 MP: 1/1
     0 | D:1      | magus.rc [v1.9.6]
   189 | D:1      | Reached XP level 2. HP: 23/24 MP: 2/2
   216 | D:1      | You pick up a book of the Tundra and begin reading...
   216 | D:1      | You add the spells Hailstorm, Ice Form and Simulacrum to
                  | your library.
   277 | D:1      | Reached skill level 3 in Axes
   440 | D:1      | Reached XP level 3. HP: 29/29 MP: 3/3
   731 | D:2      | Noticed Robin
   739 | D:2      | Killed Robin
   740 | D:2      | Reached skill level 4 in Axes
   740 | D:2      | Reached XP level 4. HP: 18/35 MP: 4/4
  1025 | D:2      | You pick up a book of the Hunter and begin reading...
  1025 | D:2      | You add the spells Call Canine Familiar, Portal Projectile
                  | and Leda's Liquefaction to your library.
  1053 | D:2      | Noticed Jessica
  1059 | D:2      | HP: 2/35 [Jessica/bolt of light (14)]
  1063 | D:2      | Killed Jessica
  1205 | D:2      | Reached XP level 5. HP: 37/41 MP: 5/5
  1223 | D:2      | You pick up a book of Callings and begin reading...
  1223 | D:2      | You add the spells Summon Small Mammal and Summon Guardian
                  | Golem to your library.
  1457 | D:3      | Reached skill level 5 in Axes
  1576 | D:3      | Found a sparkling altar of Nemelex Xobeh.
  1625 | D:3      | Engulfed by a cloud of flame

Vanquished Creatures
  Jessica (D:2)
  Robin (D:2)
  A gnoll (D:3)
  2 adders (D:3)
  A worm (D:3)
  3 dart slugs
  An orc (D:3)
  5 ball pythons
  3 endoplasms
  2 giant cockroaches
  14 goblins
  12 hobgoblins
  2 jackals (D:3)
  2 quokkas
  7 bats
  4 frilled lizards
  7 kobolds
  6 rats
74 creatures vanquished.

Table legend:
 A = Non-vault XP
 B = Vault XP
 C = Vault XP percentage of total XP
 D = Non-vault monster count
 E = Vault monster count
 F = Vault count percentage of total count
                 A         B        C        D         E       F
            +---------+---------+-------+---------+---------+-------
      Total |     120 |      97 |  44.7 |      54 |      20 |  27.0
            +---------+---------+-------+---------+---------+-------
        D:1 |      32 |       0 |   0.0 |      17 |       0 |   0.0
        D:2 |      29 |      79 |  73.1 |      19 |      17 |  47.2
        D:3 |      59 |      18 |  23.4 |      18 |       3 |  14.3
            +---------+---------+-------+---------+---------+-------

Illustrated notes

Table legend:
 A = Kills in this place as a percentage of kills in the entire game.
 B = Kills by you in this place as a percentage of kills by you in the entire game.
 C = Kills by friends in this place as a percentage of kills by friends in the entire game.
 D = Other kills in this place as a percentage of other kills in the entire game.
 E = Experience gained in this place as a percentage of experience gained in the entire game.
 F = Experience gained in this place divided by the number of levels of this place that you have seen.
                   A       B       C       D       E      F
               +-------+-------+-------+-------+-------+----------------------
         Total | 100.0 | 100.0 |   N/A |   N/A | 100.0 |  72.3
       Dungeon | 100.0 | 100.0 |   N/A |   N/A | 100.0 |  72.3
               +-------+-------+-------+-------+-------+----------------------

Table legend: (Time is in decaauts)
 A = Elapsed time spent in this place.
 B = Non-inter-level travel time spent in this place.
 C = Inter-level travel time spent in this place.
 D = Time resting spent in this place.
 E = Time spent auto-exploring this place.
 F = Levels seen in this place.
 G = Mean time per level.
                   A        B        C        D        E       F      G
               +--------+--------+--------+--------+--------+-----+--------+
         Total |   1670 |   1609 |     61 |    200 |   1001 |   3 |  556.7 |
       Dungeon |   1670 |   1609 |     61 |    200 |   1001 |   3 |  556.7 |
               +--------+--------+--------+--------+--------+-----+--------+

Top non-repeatable levels by time:
     D:1: 743 daAuts
     D:2: 705 daAuts
     D:3: 222 daAuts
